 Dungeon Crawl Stone Soup version 0.29-a0-322-g68df515428 (webtiles) character file.

Game seed: 17953840902784678517

95 SirFunk the Skirmisher (level 4, -1/37 HPs)
             Began as a Djinni Cinder Acolyte on Apr 10, 2022.
             Was a High Priest of Ignis.
             Killed from afar by Ijyb (36 damage)
             ... with a bolt of acid
             ... on level 3 of the Dungeon.
             The game lasted 00:04:11 (3324 turns).

SirFunk the Skirmisher (Djinni Cinder Acolyte)      Turns: 3324, Time: 00:04:12

Health: -1/37      AC:  4    Str: 13    XL:     4   Next: 95%
Gold:   196        EV: 10    Int: 17    God:    Ignis [*****.] SH:  5 Dex: 11

rFire   + + +      SeeInvis .   (no weapon)
rCold   x . .      Faith    .   (no shield)
rNeg    . . .      Spirit   .   n - +1 leather armour of Beyond {Will+ Dex+2 Stlth+}
rPois   ∞          Reflect  +   (no helmet)
rElec   .          Harm     .   (no cloak)
rCorr   .          Rampage  .   (no gloves)
Will    +....                   (boots unavailable)
Stlth   ++........              k - amulet of reflection
HPRegen 0.12/turn               (no ring)
MPRegen 0.00/turn               (no ring)

@: flying
A: sickness immunity, fire resistance 2, cold vulnerability 1, float, innate
caster, HP casting, extra vitality 1
a: Renounce Religion, Fiery Armour, Foxfire Swarm, Rising Flame


You were on level 3 of the Dungeon.
You worshipped Ignis.
Ignis was extremely pleased with you.
You visited 1 branch of the dungeon, and saw 3 of its levels.

You collected 196 gold pieces.

Inventory:

Hand Weapons
 a - a -1 falchion of flaming
Armour
 b - a +0 robe
 n - the +1 leather armour of Beyond (worn) {Will+ Dex+2 Stlth+}
   (You found it on level 3 of the Dungeon)

   Dex:       It affects your dexterity (+2).
   Will:      It increases your willpower.
   Stlth:     It makes you more stealthy.
Jewellery
 k - an amulet of reflection (around neck)
Scrolls
 c - a scroll of teleportation {unknown}
 d - 4 scrolls of fear {unknown}
 e - a scroll of torment {unknown}
 f - a scroll of enchant weapon {unknown}
 h - 3 scrolls of identify {unknown}
 j - 2 scrolls of fog {unknown}
 l - 2 scrolls of magic mapping {unknown}
Potions
 g - 2 potions of haste {unknown}
 i - 2 potions of curing {unknown}
 m - 3 potions of degeneration {unknown}


   Skills:
 + Level 3.8 Fighting
 - Level 2.6 Long Blades
 * Level 3.6 Spellcasting


You had 7 spell levels left.
You knew the following spells:

 Your Spells              Type           Power      Damage    Failure   Level
a - Scorch                Fire           30%        2d6       7%          2
b - Sting                 Tmut/Pois      60%        1d6       4%          1
Your spell library was empty.

Dungeon Overview and Level Annotations

Branches:
Dungeon (3/15)

Altars:
The Shining One

Annotations:
D:3 2 runed translucent doors, Ijyb; spiderkeys's ghost, amateur SpAK


Innate Abilities, Weirdness & Mutations

You are immune to sickness and miasma.
You are immune to poison.
Your flesh is very heat resistant. (rF++)
You are vulnerable to cold. (rC-)
You float through the air rather than walking.
You learn spells naturally, not from books.
Your magical power is your life essence.
You have superior vitality. (+4 MHP)


Message History

Confirm with . or Enter, or press ? or * to list all spells.
Flames lash the worm.
The worm is burned terribly!
The worm is almost dead.
You block the worm's attack.
Casting: Scorch (safe; 7% risk of failure)
Confirm with . or Enter, or press ? or * to list all spells.
Flames lash the worm.
The worm is burned terribly!
You kill the worm!
Casting: Scorch (safe; 7% risk of failure)
Confirm with . or Enter, or press ? or * to list all spells.
You can't see any susceptible monsters within range! (Use Z to cast anyway.)
You start resting.
A hobgoblin comes into view. It is wielding a +0 mace.
A hobgoblin is nearby!
A hobgoblin is nearby!
A hobgoblin is nearby!
Unknown command.
Casting: Scorch (safe; 7% risk of failure)
Confirm with . or Enter, or press ? or * to list all spells.
Okay, then.
You start resting.
You start resting.
HP restored.
Found a stone staircase leading down.
Items here: ) [ ††.
Things that are here:
a +0 flail; a +0 leather armour; an orc skeleton Unknown command.
Ijyb the Twisted Goblin comes into view.
She is wielding a +0 dagger, wearing a +4 ring mail of positive energy and carrying a wand of acid (4).
Ijyb is nearby!
Unknown command.
Casting: Scorch (safe; 7% risk of failure)
Confirm with . or Enter, or press ? or * to list all spells.
Flames lash Ijyb.
Ijyb is moderately wounded.
Ijyb's fire resistance burns away.
You hear a shout!
Ijyb zaps a wand.
The bolt of acid hits you!!!
Ouch! That really hurt!
You die...

....## ...## ...###
..## ..... .## ....
.# #######.. ...###
)######........ .....
........####### g..
.......## ####.#
.......# #..@.#
..)....#######.####
.............#.######
.......#####........#
...>...# #.######...
.......# ...#
#########..### # #.#
#.


You could see Ijyb (combustible).

Vanquished Creatures
  Jessica (D:2)
  An adder (D:2)
  2 worms (D:3)
  A dart slug (D:1)
  An orc (D:3)
  A ball python (D:2)
  An endoplasm (D:2)
  A giant cockroach (D:1)
  4 goblins
  11 hobgoblins
  5 kobolds
  6 quokkas
  4 bats
  5 frilled lizards
  3 rats
  A spectral kobold (D:2)
48 creatures vanquished.

Vanquished Creatures (others)
  3 foxfires (D:1)
  A plant (D:2)
4 creatures vanquished.

Grand Total: 52 creatures vanquished

Notes
Turn   | Place    | Note
-------+----------+-------------------------------------------
     0 | D:1      | SirFunk the Djinni Cinder Acolyte began the quest for the
                  | Orb.
     0 | D:1      | Reached XP level 1. HP: 20/20 MP: 0/0
   232 | D:1      | Reached XP level 2. HP: 16/25 MP: 0/0
   762 | D:1      | Reached XP level 3. HP: 20/30 MP: 0/0
   762 | D:1      | Learned a level 1 spell: Sting
  2003 | D:2      | Reached XP level 4. HP: 33/35 MP: 0/0
  2011 | D:2      | Noticed Jessica
  2014 | D:2      | Killed Jessica
  2113 | D:2      | Found a faded altar of an unknown god.
  2793 | D:3      | Identified the +1 leather armour of Beyond {Will+ Dex+2
                  | Stlth+}
  2951 | D:3      | Found a large runed translucent door.
  2952 | D:3      | Found a large runed translucent door.
  2955 | D:3      | Noticed spiderkeys's ghost (amateur SpAK)
  3030 | D:3      | Found a glowing golden altar of the Shining One.
  3323 | D:3      | Noticed Ijyb
  3324 | D:3      | Killed from afar by Ijyb

Illustrated notes

Levels and vault maps discovered:
D:1:      nicolae_arrival_somewhat_less_tricky_arrival, layout_loops_cross
D:2:      layout_loops_ring, dreamdust_ecumenical_altar_drowned_temple,
          serial_forest, infiniplex_forest_end_3, infiniplex_forest_corner_1,
          infiniplex_forest_clump_double, infiniplex_forest_lined_corner,
          infiniplex_forest_clump_C, infiniplex_forest_lined_3_way,
          grunt_ministairs_2, corexii_corridor_pit, uniq_jessica
D:3:      layout_rooms, zin_statuary, nicolae_tso_carved_into_rock,
          ebering_ghost_disaster_area, uniq_ijyb

Skill      XL: |  1  2  3 |
---------------+----------+-----
Spellcasting   | 3 |  3.6
Fighting       | |  3.8
Long Blades    | |  2.6

Action                   |  1- 3 |  4- 6 || total
-------------------------+-------+-------++-------
Melee: Falchion          |    68 |       ||    68
       Punch             |     1 |       ||     1
 Cast: Scorch            |    17 |    25 ||    42
Invok: Foxfire Swarm     |     1 |       ||     1
       Fiery Armour      |     1 |       ||     1
Armor: Robe              |    14 |       ||    14
Dodge: Dodged            |    46 |     5 ||    51
Block: Other             |     7 |     2 ||     9

Table legend: (Time is in decaauts)
 A = Elapsed time spent in this place.
 B = Non-inter-level travel time spent in this place.
 C = Inter-level travel time spent in this place.
 D = Time resting spent in this place.
 E = Time spent auto-exploring this place.
 F = Levels seen in this place.
 G = Mean time per level.
                   A        B        C        D        E       F      G
               +--------+--------+--------+--------+--------+-----+--------+
         Total |   3334 |   3287 |     47 |    681 |   2238 |   3 | 1111.3 |
       Dungeon |   3334 |   3287 |     47 |    681 |   2238 |   3 | 1111.3 |
               +--------+--------+--------+--------+--------+-----+--------+

Top non-repeatable levels by time:
     D:1: 1578 daAuts
     D:2: 1223 daAuts
     D:3: 532 daAuts
